 Dungeon Crawl Stone Soup version 0.27-a0-1137-g3ef0f4ec91 (webtiles) character file.

Game seed: 5542880244680082549

65 siradein the Slasher (level 3, -1/27 HPs)
             Began as a Demonspawn Gladiator on May 6, 2021.
             Slain by a gnoll
             ... wielding a +0 flail
              (6 damage)
             ... on level 1 of the Dungeon.
             The game lasted 00:03:47 (2057 turns).

siradein the Slasher (Demonspawn Gladiator)         Turns: 2057, Time: 00:03:47

Health: -1/27      AC:  6    Str: 15    XL:     3   Next: 94%
Magic:  3/3        EV: 12    Int:  9    God:
Gold:   156        SH:  4    Dex: 14    Spells: 2/2 levels left

rFire    + . .     SeeInvis .   a - +0 long sword
rCold    . . .     Faith    .   (no shield)
rNeg     . . .     Spirit   .   b - +0 leather armour
rPois    .         Reflect  .   c - +0 helmet
rElec    .         Harm     .   (no cloak)
rCorr    .         Rampage  .   (no gloves)
Will     .....                  (no boots)
Stlth    +.........             (no amulet)
HPRegen  0.09/turn              k - ring of protection from fire
MPRegen  0.08/turn              (no ring)

@: no status effects
A: icy blue scales 1, condensation shield
a: no special abilities


You were on level 1 of the Dungeon.
You visited 1 branch of the dungeon, and saw 2 of its levels.

You collected 156 gold pieces.

Inventory:

Hand Weapons
 a - a +0 long sword (weapon)
Missiles
 d - 3 throwing nets (quivered)
Armour
 b - a +0 leather armour (worn)
 c - a +0 helmet (worn)
Jewellery
 k - a ring of protection from fire (left hand)
Scrolls
 f - 2 scrolls of teleportation {unknown}
 h - 2 scrolls of identify {unknown}
 i - a scroll of silence {unknown}
 l - a scroll of noise {unknown}
 m - a scroll of enchant weapon {unknown}
Potions
 e - a potion of brilliance {unknown}
 g - a potion of cancellation {unknown}
 j - a potion of mutation {unknown}


   Skills:
 - Level 2.0 Fighting
 + Level 4.4 Long Blades
 - Level 1.7 Throwing
 - Level 2.6 Dodging


You had 2 spell levels left.
You didn't know any spells.
Your spell library was empty.

Dungeon Overview and Level Annotations

Branches:
Dungeon (2/15)

Altars:

Shops:
D:1 =


Innate Abilities, Weirdness & Mutations

You are partially covered in icy blue scales. (AC +2)
A meltable shield of frost defends you. (SH +4)


Message History

A worm comes into view.
You slash the worm!
The worm is heavily wounded.
The worm barely misses you.
You riposte.
You barely miss the worm.
The worm is heavily wounded.
You slash the worm!
The worm is almost dead.
You block the worm's attack.
You slash the worm!
You kill the worm!
No target in view!
No target in view!
No target in view!
A gnoll comes into view. It is wielding a +0 flail.
There are monsters nearby!
The gnoll shouts! x3
There is a stone staircase leading up here.
You climb upwards.
There is a stone staircase leading down here.
You slash the gnoll!
The gnoll is heavily wounded.
The gnoll hits you but does no damage.
You hit the gnoll.
The gnoll is heavily wounded.
The gnoll hits you with a +0 flail! The gnoll barely misses you.
You hit the gnoll.
The gnoll is severely wounded.
The gnoll hits you with a +0 flail.
You closely miss the gnoll.
The gnoll is severely wounded.
The gnoll hits you with a +0 flail!
* * * LOW HITPOINT WARNING * * *
Things that are here:
4 stones; a +0 short sword You see here 14 sling bullets.
You see here a +0 ring mail.
You barely miss the gnoll.
The gnoll is severely wounded.
The gnoll hits you with a +0 flail.
You die...

#..# #.# #..# #.# #.(###########
#.# #####......([....# #.#
#......#########.# #.#
###.###.).)....# #.# #.##########
.........#####.# #.# #..........#
.##.###..# ##.###.####.........#
.##.###..####...@g....#.........#
.##.##.....##...................#
.##.##.#...##.##........(.......#
.##.##.#...##.#.................#
.##.##.#..............#.........#
.##....)..(##.#.....#.#..........
.#####.#.........................
.....#.##.............########.##
.##........##.##.##.#.# #.##


You could see a gnoll.

Vanquished Creatures
  A gnoll (D:2)
  An adder (D:2)
  2 worms (D:2)
  A dart slug (D:1)
  3 bats
  5 endoplasms
  A giant cockroach (D:2)
  5 goblins
  4 hobgoblins
  2 quokkas
  3 ball pythons
  2 frilled lizards (D:2)
  4 kobolds (D:1)
  5 rats
39 creatures vanquished.

Notes
Turn   | Place    | Note
-------+----------+-------------------------------------------
     0 | D:1      | siradein the Demonspawn Gladiator began the quest for the
                  | Orb.
     0 | D:1      | Reached XP level 1. HP: 16/16 MP: 1/1
    12 | D:1      | Found Zecluo Ehisch's Jewellery Emporium.
   248 | D:1      | Reached skill level 3 in Long Blades
   332 | D:1      | Gained mutation: You are partially covered in icy blue
                  | scales. (AC +2) [demonic ancestry]
   332 | D:1      | Reached XP level 2. HP: 20/22 MP: 2/2
   715 | D:1      | Found a faded altar of an unknown god.
  1465 | D:2      | Reached skill level 4 in Long Blades
  1465 | D:2      | Gained mutation: A meltable shield of frost defends you.
                  | (SH +4) [demonic ancestry]
  1465 | D:2      | Reached XP level 3. HP: 27/27 MP: 3/3
  2057 | D:1      | Slain by a gnoll

Illustrated notes

Levels and vault maps discovered:
D:1:      kennysheep_arrival_forest, layout_loops_ring, serial_shops,
          nicolae_shop_crystal, basic_ecumenical_altar
D:2:      layout_rooms

Skill      XL: |  1  2 |
---------------+-------+-----
Long Blades    | 3 4 |  4.4
Fighting       | |  2.0
Throwing       | |  1.7
Dodging        | |  2.6

Action                   || total
-------------------------++-------
Melee: Long sword        ||    96
 Stab: Sleeping          ||     1
Armor: Leather armour    ||    29
Dodge: Dodged            ||    38
Block: Other             ||     6
       Rpst.: Long sword ||    16

Table legend: (Time is in decaauts)
 A = Elapsed time spent in this place.
 B = Non-inter-level travel time spent in this place.
 C = Inter-level travel time spent in this place.
 D = Time resting spent in this place.
 E = Time spent auto-exploring this place.
 F = Levels seen in this place.
 G = Mean time per level.
                   A        B        C        D        E       F      G
               +--------+--------+--------+--------+--------+-----+--------+
         Total |   2077 |   2045 |     32 |      4 |   1755 |   2 | 1038.5 |
       Dungeon |   2077 |   2045 |     32 |      4 |   1755 |   2 | 1038.5 |
               +--------+--------+--------+--------+--------+-----+--------+

Top non-repeatable levels by time:
     D:1: 1426 daAuts
     D:2: 651 daAuts
